 Dungeon Crawl Stone Soup version 0.24-a0-10-gb84795d (webtiles) character file.

679094 Flooderbenga the Slayer (level 27, -1/445 HPs)
             Began as a Human Skald on Jan 10, 2019.
             Was a High Priest of Nemelex Xobeh.
             Slain by a death cob (12 damage)
             ... on level 3 of the Realm of Zot on Jan 31, 2019.
             The game lasted 15:37:56 (124679 turns).

Flooderbenga the Slayer (Human Skald)             Turns: 124679, Time: 15:37:57

Health: -1/445     AC: 38    Str: 24    XL:     27
Magic:  29/38      EV: 21    Int: 19    God:    Nemelex Xobeh [*****.]
Gold:   691        SH: 16    Dex: 16    Spells: 8/48 levels left

rFire    + + +     SeeInvis .   t - +9 double sword (freeze)
rCold    + + .     Gourm    .   n - +2 shield of Resistance {rF+ rC+ MR+}
rNeg     + . .     Faith    .   o - +10 pearl dragon scales
rPois    +         Spirit   .   D - +2 helmet {Int+3}
rElec    +         Reflect  .   y - scarf {rC+ rF+}
rCorr    +         Harm     .   M - +0 pair of gloves "Vusef" {Regen+}
MR       ++++.     Rnd*Rage +   f - +2 pair of boots {Stlth+}
Stlth    ..........             h - amulet of Vitality {Regen+ HP+15}
HPRegen  1.64/turn              Q - ring "Sympal" {rF+ rC+ MR+}
MPRegen  0.26/turn              G - ring of Bets {rCorr rElec rPois rC-}

@: berserking, hasted and slowed, studying 3 skills
A: thin metallic scales 1, berserk 1, robust 2, subdued magic 1
}: 5/15 runes: decaying, slimy, silver, abyssal, gossamer
a: Draw Escape, Draw Destruction, Draw Summoning, Draw Stack, Triple Draw, Deal
Four, Stack Five, Renounce Religion


You were on level 3 of the Realm of Zot.
You worshipped Nemelex Xobeh.
Nemelex Xobeh was extremely pleased with you.
You were very hungry.

You visited 11 branches of the dungeon, and saw 54 of its levels.
You visited the Abyss 5 times.
You also visited: Trove and Gauntlet.

You collected 7507 gold pieces.
You spent 6816 gold pieces at shops.

Inventory:

Hand Weapons
 t - a +9 double sword of freezing (weapon)
Missiles
 v - 4 throwing nets (quivered)
 x - 766 arrows
Armour
 f - a +2 pair of boots of stealth (worn)
 n - the +2 shield of Resistance (worn) {rF+ rC+ MR+}
   (You found it on level 5 of the Pits of Slime)

   It protects you from fire.
   It protects you from cold.
   It affects your resistance to hostile enchantments.
 o - +10 pearl dragon scales (worn)
 y - a scarf of resistance (worn)
 D - a +2 helmet of intelligence (worn)
 M - the +0 pair of gloves "Vusef" (worn) {Regen+}
   (You found it on level 5 of the Vaults)

   It increases your rate of regeneration.
Jewellery
 h - the amulet of Vitality (around neck) {Regen+ HP+15}
   (You found it on level 5 of the Pits of Slime)

   [amulet of regeneration]

   It affects your health (+15).
   It increases your rate of regeneration.
 G - the ring of Bets (right hand) {rCorr rElec rPois rC-}
   (You took it off a minotaur in a Gauntlet)

   [ring of resist corrosion]

   It makes you vulnerable to cold.
   It insulates you from electricity.
   It protects you from poison.
 J - the ring "Dauhauv" {+Blink SInv}
   (You bought it in a shop on level 11 of the Dungeon)

   [ring of see invisible]

   It lets you see invisible.
   It lets you blink.
 Q - the ring "Sympal" (left hand) {rF+ rC+ MR+}
   (You found it on level 1 of the Lair of Beasts)

   [ring of protection from fire]

   It protects you from fire.
   It protects you from cold.
   It affects your resistance to hostile enchantments.
Wands
 a - a wand of scattershot (9)
 e - a wand of digging (7) {@v4}
 E - a wand of iceblast (48)
 U - a wand of clouds (12)
 V - a wand of acid (10)
 Z - a wand of enslavement (11) {@v5}
Scrolls
 g - 15 scrolls of teleportation {@r3}
 k - 7 scrolls of amnesia
 l - 10 scrolls of fog {@r4}
 r - 12 scrolls of identify {@r1}
 u - a scroll of summoning
 L - a scroll of blinking {@r4}
 W - 3 scrolls of magic mapping
 Y - 4 scrolls of silence
Potions
 p - 8 potions of agility {@q5}
 q - 6 potions of curing {@q1}
 s - a potion of cancellation
 z - 2 potions of invisibility
 A - 10 potions of heal wounds {@q2}
 B - 4 potions of magic
 C - 3 potions of flight
 F - 5 potions of might {@q4}
 H - 7 potions of brilliance
 K - 4 potions of berserk rage
 O - 5 potions of mutation
 S - 8 potions of haste {@q3}
 T - a potion of resistance
Books
 j - a manual of Evocations
 w - a manual of Throwing
 P - a manual of Long Blades
Miscellaneous
 b - 6 sacks of spiders
 i - a phial of floods
 m - a fan of gales
 I - a lamp of fire
 N - 5 boxes of beasts
 R - 5 phantom mirrors
 X - a lightning rod (4/4)
Comestibles
 d - 25 rations


   Skills:
 - Level 23.0 Fighting
 * Level 21.1 Long Blades
 * Level 9.2 Throwing
 - Level 16.1 Armour
 - Level 16.1 Dodging
 + Level 4.4 Stealth
 - Level 15.0 Shields
 - Level 11.0 Spellcasting
 - Level 11.0 Hexes
 - Level 9.0 Charms
 - Level 11.0 Summonings
 - Level 8.0 Necromancy
 - Level 10.4 Translocations
 - Level 5.0 Transmutations
 - Level 3.0 Earth Magic
 + Level 13.6 Invocations
 * Level 12.6 Evocations


You had 8 spell levels left.
You knew the following spells:

 Your Spells              Type           Power        Failure   Level  Hunger
a - Infusion              Chrm           ####         1%          1    None
b - Song of Slaying       Chrm           ####....     1%          2    None
c - Shroud of Golubria    Chrm/Tloc      #####.....   1%          2    None
d - Spectral Weapon       Hex/Chrm       #####...     1%          3    None
e - Passage of Golubria   Tloc           N/A          1%          4    ##.....
f - Swiftness             Chrm/Air       ###.....     2%          2    None
g - Animate Skeleton      Necr           N/A          1%          1    None
h - Animate Dead          Necr           N/A          3%          4    ##.....
i - Summon Mana Viper     Hex/Summ       #####...     3%          5    ####...
j - Recall                Summ/Tloc      N/A          1%          3    None
k - Sticks to Snakes      Tmut           ###.....     1%          2    None
m - Tukima's Dance        Hex            #####...     1%          3    None
p - Passwall              Tmut/Erth      ###.....     3%          2    None
r - Regeneration          Chrm/Necr      ####......   1%          3    None
A - Apportation           Tloc           #####.       1%          1    None
B - Blink                 Tloc           N/A          1%          2    None

Your spell library contained the following spells:

 Spells                   Type           Power        Failure   Level  Hunger
 Beastly Appendage        Tmut           ###...       1%          1    None
 Confusing Touch          Hex            #####.       1%          1    None
 Corona                   Hex            #####..      1%          1    None
 Pain                     Necr           ####         1%          1    None
 Summon Small Mammal      Summ           ####         1%          1    None
 Call Imp                 Summ           #####...     1%          2    None
 Ensorcelled Hibernation  Hex/Ice        ###...       1%          2    None
 Slow                     Hex            #####...     1%          2    None
 Confuse                  Hex            #####...     1%          3    None
 Portal Projectile        Hex/Tloc       #####.       1%          3    None
 Vampiric Draining        Necr           ####......   1%          3    None
 Cause Fear               Hex            #####.....   1%          4    ##.....
 Dazzling Spray           Conj/Hex       ###...       3%          3    None
 Inner Flame              Hex/Fire       ###.....     3%          3    None
 Aura of Abjuration       Summ           #####.....   3%          5    ####...
 Summon Demon             Summ           #####.....   3%          5    ####...
 Summon Forest            Summ/Tloc      #####.....   3%          5    ####...
 Leda's Liquefaction      Hex/Erth       ####......   6%          4    ##.....
 Flame Tongue             Conj/Fire      #....        12%         1    None
 Magic Dart               Conj           #...         12%         1    None
 Shock                    Conj/Air       #...         12%         1    None
 Sting                    Conj/Pois      #...         12%         1    None
 Spider Form              Tmut/Pois      ###.......   12%         3    None
 Fulminant Prism          Conj/Hex       ###.......   12%         4    ##.....
 Summon Ice Beast         Ice/Summ       ###.....     12%         4    ##.....
 Summon Lightning Spire   Summ/Air       ###.....     12%         4    ##.....
 Dispel Undead            Necr           ####....     12%         5    ####...
 Yara's Violent Unravell  Hex/Tmut       ####......   12%         5    ####...
 Force Lance              Conj/Tloc      ###.....     13%         4    ##.....
 Poisonous Vapours        Pois/Air       #.....       17%         2    None
 Searing Ray              Conj           #.....       17%         2    None
 Throw Flame              Conj/Fire      #.....       17%         2    None
 Ignite Poison            Fire/Tmut/Pois ##......     17%         3    None
 Darkness                 Hex            #####.....   19%         6    ######.
 Invisibility             Hex            #####...     19%         6    ######.
 Shadow Creatures         Summ           N/A          19%         6    ######.
 Silence                  Hex/Air        ###.......   32%         5    ####...
 Conjure Flame            Conj/Fire      #.......     34%         3    None
 Mephitic Cloud           Conj/Pois/Air  #.......     34%         3    None
 Static Discharge         Conj/Air       #.......     34%         3    None
 Ice Form                 Ice/Tmut       ###.....     38%         4    ##.....
 Blade Hands              Tmut           ###.......   38%         5    ####...
 Lee's Rapid Deconstruct  Erth           ###.......   67%         5    ####...
 Airstrike                Air            #.........   77%         4    ##.....
 Iskenderun's Mystic Bla  Conj           #.......     77%         4    ##.....
 Olgreb's Toxic Radiance  Pois           #.......     77%         4    ##.....
 Sticky Flame             Conj/Fire      #.......     77%         4    ##.....
 Irradiate                Conj/Tmut      ###.......   77%         5    ####...
 Hydra Form               Tmut           ###.......   94%         6    ######.
 Deflect Missiles         Chrm/Air       ###.......   96%         6    ######.
 Fireball                 Conj/Fire      #.........   98%         5    ####...
 Lightning Bolt           Conj/Air       #.........   98%         5    ####...
 Venom Bolt               Conj/Pois      #.........   98%         5    ####...
 Statue Form              Tmut/Erth      ###......    98%         6    ######.
 Conjure Ball Lightning   Conj/Air       #.........   100%        6    ######.
 Freezing Cloud           Conj/Ice/Air   #.........   100%        6    ######.
 Dragon Form              Tmut           ###.......   100%        7    #######
 Ring of Flames           Chrm/Fire      ###.......   100%        7    #######
 Tornado                  Air            #.........   100%        9    #######


Dungeon Overview and Level Annotations

Branches:
Dungeon (15/15)            Temple (1/1) D:7            Lair (6/6) D:8
  Swamp (4/4) Lair:3       Spider (4/4) Lair:2        Slime (5/5) Lair:5
    Orc (2/2) D:9             Elf (3/3) Orc:2        Vaults (5/5) D:13
  Crypt (0/3) Vaults:3     Depths (5/5) D:15            Zot (4/5) Depths:5

Altars:
Ashenzari
Cheibriados
Dithmenos
Elyvilon
Fedhas
Gozag
Hepliaklqana
Kikubaaqudgha
Makhleb
Nemelex Xobeh
Okawaru
Qazlal
Ru
Sif Muna
Trog
Uskayaw
Vehumet
Wu Jian
Xom
Yredelemnul
Zin
The Shining One
Beogh
Jiyva

Shops:
D:5 [   D:9 *   D:11 =   Orc:2 ?([[   Elf:3 }=}   Vaults:2 *
Vaults:5 ??%???%%}   Depths:2 [

Portals:
Hell: Depths:1 Depths:2 Depths:3 Depths:4 Depths:5
Abyss: Depths:1 Depths:4
Pandemonium: Depths:3
Ziggurat: Depths:2

Annotations:
Lair:5 exclusion: downstairs
Swamp:2 exclusion: downstairs
Zot:3 2 runed translucent doors, Wolulamy's ghost, veteran SpEn


Innate Abilities, Weirdness & Mutations

You are partially covered in thin metallic scales. (AC +2)
You tend to lose your temper in combat.
You are very robust. (+20% HP)
Your spells are a little easier to cast, but a little less powerful.


Message History

The quicksilver dragon claws you but does no damage.
The death cob hits you.
* * * LOW HITPOINT WARNING * * *
The death cob drains your vigour!
You feel as though you will be slow longer.
The green draconian annihilator casts a spell.
The green draconian annihilator blinks!
You take 1 damage, and have 11/445 hp.
You feel a strong urge to attack something.
The death cob hits you.
* * * LOW HITPOINT WARNING * * *
The death cob drains your vigour!
You feel as though you will be slow longer.
You block the death cob's attack. The death cob closely misses you.
The moth of wrath goads the red draconian on!
The red draconian goes berserk!
You block the death cob's attack.
The black draconian is engulfed in blazing flames.
The death cob hits you!
You die...
Your body glows with a rainbow of weird colours and disappears.

#.........#* **,***
###++####.### **,** *
*#§).(...#.).# **,**
#§§8.#≈^##...# ##### *#.******
#§#§....##...# #...# *#.#**,,,*
##§≈?..#≈#...###...#
*#.#**,,,,8
###.#.###....##...#*#.#**,,,,,,
##### #........#*#.#* *,8,>,,
##....@d.##.#* *,,,,,,
##...zzD#.#* **,,,,8 ##.dy>dX#*
**,,,, ##.○qdd## ******,*,
##..).!#* *,,,*,***
*#...[..#**,,,,** *
*#.##....d#*,,,** *
*#.#*##...qq#*,** * *#.#*
##......** *


You could see a tentacled monstrosity, 2 draconians, a yellow draconian, 3
draconians, 2 death cobs, a quicksilver dragon, 2 draconians, a yellow draconian
scorcher and a moth of wrath.

Vanquished Creatures
  the Royal Jelly (Slime:5)
  2 ancient liches
  2 juggernauts
  2 Killer Klowns (Zot:1)
  A caustic shrike (Depths:4)
  3 bone dragons (Abyss:1)
  5 golden dragons
  A profane servitor (Abyss:5)
  6 liches
  The ghost of Onaigh the Brawler, an adept NaAE of Ru (Vaults:3)
  2 hellephants (Abyss:1)
  12 tentacled monstrosities
  A Hell Sentinel (Abyss:1)
  Asterion (Elf:2)
  3 quicksilver dragons
  9 titans
  6 death cobs
  A kraken (Abyss:3)
  2 deep elf blademasters (Elf:3)
  A deep elf master archer (Elf:3)
  15 acid blobs
  5 sphinxes
  Agnes (D:14)
  3 thorn hunters
  17 tentacled starspawn
  6 azure jellies
  4 tengu reavers
  7 shadow dragons
  The ghost of zkyp the Brawler, a journeyman TrGl of Qazlal (Spider:1)
  2 draconian monks
  7 storm dragons
  9 fire giants
  2 draconian knights
  2 revenants
  An angel (Abyss:1)
  3 orc warlords
  Louise (Elf:1)
  5 emperor scorpions (Spider:4)
  2 ghost moths
  4 deep elf sorcerers
  7 vault wardens
  2 iron dragons
  5 draconian shifters
  10 frost giants
  A draconian scorcher (Zot:3)
  A cacodemon (Abyss:5)
  7 ironheart preservers
  A draconian stormcaller (Zot:4)
  3 deep elf elementalists
  6 spriggan defenders
  14 stone giants
  A reaper (Abyss:1)
  The ghost of Xodoxeg the Cruncher, a journeyman NaWz of Kikubaaqudgha (Lair:4)
  A war gargoyle (Vaults:4)
  8 entropy weavers
  22 very ugly things
  3 draconian annihilators
  A ghoul (Vaults:4)
  11 green draconians
  7 deep elf demonologists
  2 vampire knights
  Nessos (D:15)
  4 red draconians
  6 deep elf annihilators
  A lorocyproca (Abyss:4)
  2 minotaurs
  7 yellow draconians
  8 black draconians
  5 purple draconians
  10 spark wasps
  5 white draconians
  8 deep elf death magi
  19 ettins
  3 green deaths
  2 crystal guardians (Vaults:4)
  6 jiangshi
  Josephine (D:10)
  8 death oozes (Slime:5)
  4 deep elf high priests (Elf:3)
  10 fire dragons
  12 yaktaur captains
  2 naga warriors
  21 vault guards
  11 ice dragons
  19 great orbs of eyes
  10 centaur warriors
  13 hydras
  6 spriggan air magi
  6 rakshasas
  40 two-headed ogres
  An alligator snapping turtle (Vaults:4)
  2 ghost crabs
  2 shambling mangroves
  3 death knights
  A catoblepas (Lair:4)
  5 alligators
  13 deep troll shamans
  A satyr (Depths:3)
  A queen ant (Spider:3)
  8 death scarabs (Spider:4)
  3 death yaks
  33 dancing weapons
  A two-headed ogre (shapeshifter) (Vaults:3)
  A satyr (shapeshifter) (Vaults:5)
  10 ogre magi
  12 hell hogs
  4 tengu warriors
  3 spriggan berserkers
  4 deep troll earth magi
  3 sun demons (Abyss:5)
  22 thrashing horrors
  Urug (Lair:2)
  4 vampire magi
  16 deep elf knights
  The ghost of azzavlup the Fighter, a novice DsAK of Lugonu (D:6)
  7 iron trolls
  15 wretched stars
  4 orc high priests
  10 hell knights
  8 sixfirhies
  9 spatial maelstroms
  A spectral emperor scorpion (Spider:4)
  11 unseen horrors
  2 shadow wraiths
  5 skeletal warriors
  A golden dragon zombie (Abyss:1)
  3 fire crabs
  A death drake (Abyss:5)
  25 deep trolls
  A death drake (shapeshifter) (Elf:2)
  A spriggan druid (Swamp:3)
  The ghost of Zanta616 the Ruffian, a novice TrBe of Trog (D:6)
  7 glowing orange brains
  5 flayed ghosts
  5 wizards
  11 phantasmal warriors
  8 necromancers
  7 swamp dragons
  A shadow dragon zombie (D:15)
  5 harpies
  3 spectral wolf spiders (Spider:4)
  11 ironbrand convokers
  A lindwurm (shapeshifter) (Depths:4)
  A stone giant zombie (D:15)
  14 wolf spider zombies
  9 deep elf archers
  13 orc knights
  10 orb spiders
  46 ugly things
  The ghost of galech the Chopper, a novice DsFi of Okawaru (D:6)
  2 mana vipers
  47 deep elf magi
  6 orc sorcerers
  A fire giant zombie (D:15)
  A manticore (D:13)
  7 cyclopes
  4 shining eyes
  The ghost of TheNamelessOne the Ducker, a novice OpAM of Vehumet (D:6)
  A salamander (Abyss:4)
  5 worldbinders
  7 moths of wrath
  25 wolf spiders
  3 elephants (Lair:6)
  3 centaur zombies
  3 guardian serpents
  17 smoke demons
  3 black mambas
  A water nymph (shapeshifter) (Depths:5)
  4 torpor snails
  7 apocalypse crabs
  The ghost of DrClinical the Sneak, a novice DrAs of Sif Muna (D:6)
  8 vault sentinels
  A titan simulacrum (Abyss:5)
  3 guardian serpents (shapeshifter)
  A spiny frog (shapeshifter) (Vaults:3)
  16 spiny frogs
  2 gargoyles
  6 centaur skeletons
  9 orange demons
  A rime drake (Lair:3)
  3 hellions
  12 freezing wraiths
  8 demonic crawlers
  10 redback zombies
  2 spectral redbacks (Spider:4)
  3 tormentors
  2 efreet
  The ghost of Phong the Insei, a novice OpTm of Yredelemnul (D:4)
  29 yaktaurs
  A hellwing (Abyss:3)
  6 komodo dragons
  A golden dragon simulacrum (Abyss:5)
  2 tengu conjurers
  15 ancient zymes
  A silent spectre (Abyss:3)
  A wind drake (shapeshifter) (Abyss:4)
  2 queen bees
  5 trolls
  A jumping spider (shapeshifter) (Vaults:1)
  A merfolk (shapeshifter) (Depths:3)
  35 hornets
  A merfolk (Slime:3)
  2 polar bears
  23 jumping spiders
  15 tyrant leeches
  4 bog bodies
  A polar bear (shapeshifter) (Vaults:1)
  3 spectral jumping spiders (Spider:4)
  88 slime creatures
  3 blink frogs (shapeshifter)
  A wind drake (Vaults:2)
  23 blink frogs
  A jumping spider zombie (Spider:4)
  27 raiju
  3 spectral tarantellas (Spider:4)
  A dream sheep (Vaults:2)
  6 hippogriffs
  A meliai zombie (D:12)
  13 tarantella zombies
  63 starcursed masses
  44 redbacks
  A spriggan (shapeshifter) (Vaults:1)
  2 air elementals
  11 flying skulls
  A shapeshifter (Vaults:2)
  44 tarantellas
  A shock serpent simulacrum (Abyss:5)
  2 water elementals (Depths:1)
  A redback (shapeshifter) (Depths:4)
  20 spriggans
  5 vampires
  7 wraiths
  A shadow (D:14)
  A tarantella (shapeshifter) (Depths:3)
  2 wyverns
  27 yaks
  Grum (D:9)
  12 ynoxinuls
  5 hogs (Swamp:4)
  A basilisk (shapeshifter) (Vaults:5)
  7 basilisks
  A fire bat (Abyss:1)
  A fire bat (shapeshifter) (Vaults:2)
  12 humans
  14 chaos spawn
  8 fire elementals
  A steam dragon (Swamp:4)
  4 golden eyes (Slime:5)
  11 neqoxecs
  3 hungry ghosts
  16 vampire mosquitoes
  9 wargs
  A swamp worm (shapeshifter) (Vaults:5)
  14 insubstantial wisps
  3 spatial vortices
  5 nagas
  47 large abominations
  An acid dragon (D:13)
  19 swamp worms
  25 soldier ants
  5 water moccasins
  8 porcupines
  A porcupine (shapeshifter) (Abyss:5)
  41 orc warriors
  6 hell hounds
  6 ice beasts
  4 sky beasts
  2 floating eyes
  A manticore zombie (Abyss:1)
  4 black bears
  5 eyes of draining
  3 phantoms
  13 swamp drakes
  A hornet zombie (Spider:4)
  19 centaurs
  5 necrophages
  A tengu (Lair:1)
  27 ogres
  2 boggarts
  9 wolves
  7 crocodiles
  A big kobold (D:6)
  17 bullfrogs
  A glowing shapeshifter simulacrum (Depths:4)
  18 small abominations
  6 earth elementals
  A water moccasin zombie (D:12)
  5 scorpions
  24 killer bees
  6 electric eels
  4 wights (Abyss:1)
  A tengu skeleton (D:15)
  5 howler monkeys
  A lava snake (Swamp:4)
  8 crimson imps
  3 jellies
  9 quasits
  2 bullfrog zombies (D:13)
  7 hounds
  30 orc priests
  22 orc wizards
  An iron imp (Abyss:3)
  3 bullfrog skeletons
  2 iguanas
  4 hell rats (Lair:3)
  28 worker ants
  A hound zombie (D:11)
  3 hound skeletons
  3 worker ant zombies
  2 gnolls
  15 adders
  5 shadow imps
  3 white imps (Abyss:1)
  An ufetubus (Abyss:2)
  An ooze (D:2)
  An ooze (shapeshifter) (D:13)
  An adder skeleton (D:7)
  2 adder zombies (D:4)
  4 worms
  A ball lightning (Vaults:2)
  A dart slug (D:1)
  2 leopard geckos
  140 orcs
  10 bats
  4 giant cockroaches
  4 hobgoblins
  5 jackals
  6 kobolds
  3 quokkas
  2 ball pythons
  3 frilled lizards
  4 goblins
  A jackal skeleton (D:4)
  2 leopard gecko zombies (D:4)
  A quokka zombie (D:7)
  11 rats
  8 briar patches
  5 crawling corpses (Elf:3)
  4 fungi
  3 lurking horrors
  4 plants (Lair:6)
  2 spectral weapons
  18 starspawn tentacles
  3 tentacles (Abyss:3)
2616 creatures vanquished.

Vanquished Creatures (collateral kills)
  Frederick (Vaults:4)
  Saint Roka (Vaults:4)
  A lich (Abyss:1)
  2 titans (Vaults:5)
  An acid blob (Slime:4)
  2 sphinxes
  3 tentacled starspawn
  2 storm dragons
  Kirke (Swamp:4)
  Frances (Spider:1)
  2 thorn hunters
  A draconian monk (Zot:1)
  2 tengu reavers
  A shadow dragon (Depths:4)
  A fire giant (Vaults:5)
  2 orc warlords (Orc:1)
  A frost giant (Depths:3)
  2 deep elf sorcerers
  2 vault wardens
  A draconian stormcaller (Zot:4)
  An ironheart preserver (Vaults:1)
  A very ugly thing (Depths:2)
  7 stone giants
  2 reapers (Abyss:1)
  2 green draconians
  7 starcursed masses
  3 spark wasps
  A red draconian (Zot:4)
  7 ettins
  A blizzard demon (Abyss:5)
  A deep elf death mage (Vaults:5)
  3 fire dragons
  4 yaktaur captains
  Harold (Lair:2)
  An ogre mage (Vaults:5)
  6 hydras
  7 vault guards
  An ice dragon (Depths:5)
  A catoblepas (Lair:6)
  A naga warrior (Abyss:5)
  A shambling mangrove (Swamp:2)
  9 two-headed ogres
  4 death yaks (Lair:6)
  A queen ant (Vaults:4)
  4 alligators
  A deep troll shaman (Depths:3)
  3 hell hogs
  A thrashing horror (Abyss:5)
  A deep elf knight (Vaults:5)
  A hell knight (Depths:2)
  An iron troll (Depths:3)
  A wretched star (Abyss:3)
  A spatial maelstrom (Abyss:5)
  9 deep trolls
  A lindwurm (Swamp:4)
  An orc knight (Orc:1)
  2 ironbrand convokers
  3 large abominations
  2 ugly things
  2 shining eyes
  A wolf spider (Vaults:2)
  3 deep elf magi
  An orc sorcerer (Orc:1)
  A salamander (Abyss:5)
  A moth of wrath (Zot:4)
  A manticore (Vaults:2)
  A cyclops (Vaults:2)
  An apocalypse crab (Abyss:1)
  2 vault sentinels (Vaults:1)
  A smoke demon (Abyss:3)
  2 centaur skeletons
  An efreet (Abyss:5)
  A freezing wraith (Vaults:5)
  A komodo dragon (Lair:1)
  7 yaktaurs
  2 ancient zymes
  A queen bee (D:11)
  A wind drake (Abyss:5)
  A troll (Orc:1)
  5 slime creatures
  7 hornets
  4 tyrant leeches
  18 raiju
  A bog body (Swamp:2)
  2 hippogriffs
  5 blink frogs
  A hippogriff (shapeshifter) (Abyss:5)
  2 harpies
  2 tarantellas (Spider:1)
  2 water elementals (Depths:1)
  7 spriggans
  2 ynoxinuls
  3 chaos spawn
  A hog (Lair:6)
  5 yaks
  A steam dragon (Swamp:4)
  A human (D:7)
  9 neqoxecs
  Edmund (D:4)
  2 small abominations
  3 vampire mosquitoes
  An insubstantial wisp (Swamp:3)
  2 wargs (Orc:1)
  3 spatial vortices (Abyss:5)
  2 swamp worms (Swamp:3)
  A hell hound (Abyss:1)
  A soldier ant (Spider:3)
  2 porcupines
  A floating eye (Depths:2)
  4 swamp drakes
  A black bear (shapeshifter) (Vaults:1)
  5 ogres
  4 orc warriors
  A necrophage (D:10)
  4 wolves
  A phantom (D:9)
  A boggart (Lair:3)
  2 crocodiles
  2 centaurs
  3 bullfrogs (Lair:1)
  A scorpion (D:13)
  8 killer bees (D:11)
  2 hounds
  2 orc priests
  2 orc wizards
  An iron imp (Abyss:1)
  A worker ant (D:13)
  5 gnolls
  2 ufetubi
  14 orcs
  A jackal (D:6)
  A quokka (D:12)
  A leopard gecko skeleton (D:4)
  A briar patch (Abyss:1)
  2 fungi
  2 plants
  A spectral weapon (Abyss:5)
  A starspawn tentacle (Abyss:5)
340 creatures vanquished.

Vanquished Creatures (others)
  A Killer Klown (Zot:1)
  A fire giant (Depths:5)
  A vault warden (Vaults:5)
  A stone giant (Depths:2)
  A deep elf demonologist (Elf:3)
  An ettin (Vaults:5)
  A rakshasa (Depths:2)
  2 yaktaur captains (Vaults:5)
  2 hydras (Swamp:4)
  A centaur warrior (Vaults:1)
  A spriggan air mage (Depths:3)
  2 alligators
  A death knight (Vaults:4)
  2 thrashing horrors (Abyss:5)
  A deep troll shaman (Vaults:4)
  3 hell hogs (Abyss:5)
  A wretched star (Abyss:5)
  A sixfirhy (Abyss:5)
  An unseen horror (D:10)
  2 deep trolls (Vaults:4)
  3 swamp dragons (Swamp:4)
  A deep elf archer (Elf:3)
  A wizard (Vaults:3)
  A lindwurm (Swamp:4)
  A moth of wrath (Lair:6)
  A naga mage (Abyss:1)
  2 apocalypse crabs (Abyss:5)
  A spark wasp simulacrum (Depths:4)
  A komodo dragon (Lair:6)
  2 yaktaurs
  An efreet (Abyss:1)
  A golden dragon simulacrum (Abyss:1)
  A harpy zombie (Abyss:1)
  A merfolk (Vaults:4)
  A polar bear (Vaults:2)
  3 hornets
  3 raiju (Abyss:1)
  A slime creature (Swamp:3)
  A fire giant simulacrum (Abyss:1)
  2 spriggans
  4 redbacks
  A water elemental (Abyss:1)
  3 tarantellas (Spider:2)
  12 large abominations
  A golden eye (shapeshifter) (Elf:1)
  A human (Vaults:2)
  2 steam dragons (Swamp:4)
  A basilisk (Lair:3)
  A chaos spawn (Abyss:5)
  A hydra simulacrum (Abyss:1)
  A water moccasin (Lair:3)
  An orc warrior (Orc:1)
  3 swamp drakes
  24 small abominations
  3 wolves (Lair:3)
  3 centaurs
  An ogre (Vaults:2)
  A killer bee (Abyss:5)
  6 starcursed masses
  A quasit (Abyss:1)
  2 orc priests
  A worker ant (Spider:3)
  A shadow imp (Abyss:1)
  3 ufetubi (Abyss:1)
  6 ball lightnings
  10 orcs
  A hobgoblin (Vaults:4)
  5 briar patches
  A bush (D:13)
  A fire vortex (Lair:4)
  13 fungi
  10 lurking horrors
  19 plants
  220 spectral weapons
  62 starspawn tentacles
  A tentacle (Abyss:3)
  3 withered plants
486 creatures vanquished.

Grand Total: 3442 creatures vanquished

Notes
Turn   | Place    | Note
-------+----------+-------------------------------------------
     0 | D:1      | Flooderbenga the Human Skald began the quest for the Orb.
     0 | D:1      | Reached XP level 1. HP: 16/16 MP: 3/3
   286 | D:1      | Reached XP level 2. HP: 22/22 MP: 0/5
   386 | D:1      | Learned a level 2 spell: Song of Slaying
   488 | D:1      | Learned a level 2 spell: Shroud of Golubria
   909 | D:2      | Reached XP level 3. HP: 19/27 MP: 3/6
  1726 | D:2      | Reached XP level 4. HP: 26/34 MP: 2/7
  2943 | D:3      | Reached skill level 3 in Fighting
  3113 | D:3      | Reached XP level 5. HP: 40/41 MP: 4/8
  3418 | D:3      | Found a sparkling altar of Nemelex Xobeh.
  3429 | D:3      | Became a worshipper of Nemelex Xobeh the Trickster
  3521 | D:4      | Received a gift from Nemelex Xobeh
  3528 | D:4      | Learned a level 1 spell: Animate Skeleton
  3619 | D:4      | Found a basalt altar of Yredelemnul.
  4097 | D:4      | Found a runed door.
  4102 | D:4      | Noticed Phong's ghost (novice OpTm)
  4298 | D:4      | Reached skill level 5 in Long Blades
  4298 | D:4      | Reached XP level 6. HP: 41/47 MP: 0/9
  4380 | D:4      | Noticed Edmund
  4884 | D:4      | Noticed a phantom
  4902 | D:5      | Entered Level 5 of the Dungeon
  4978 | D:5      | Noticed an ogre
  5113 | D:5      | Found Keom's Armour Emporium.
  5207 | D:5      | Received a gift from Nemelex Xobeh
  5368 | D:6      | Upgraded the game from 0.23-a0-681-g26ad783 to
                  | 0.23-a0-690-g0a1fc62
  5379 | D:6      | Learned a level 3 spell: Regeneration
  5633 | D:6      | Found a sacrificial altar of Ru.
  5633 | D:6      | Found a snail-covered altar of Cheibriados.
  5795 | D:5      | Bought a +1 helmet of intelligence for 198 gold pieces
  5805 | D:5      | Reached * piety under Nemelex Xobeh
  5905 | D:5      | Reached XP level 7. HP: 46/52 MP: 10/10
  5981 | D:5      | Received a gift from Nemelex Xobeh
  6245 | D:5      | Reached skill level 1 in Necromancy
  6458 | D:6      | Found a runed gate.
  6458 | D:6      | Found a runed gate.
  6458 | D:6      | Found a runed gate.
  6459 | D:6      | Noticed DrClinical's ghost (novice DrAs)
  6459 | D:6      | Noticed azzavlup's ghost (novice DsAK)
  6460 | D:6      | Noticed TheNamelessOne's ghost (novice OpAM)
  6462 | D:6      | Noticed Zanta616's ghost (novice TrBe)
  6470 | D:6      | Noticed galech's ghost (novice DsFi)
  6789 | D:6      | Reached skill level 4 in Fighting
  6807 | D:6      | Reached XP level 8. HP: 44/60 MP: 0/11
  7337 | D:7      | Noticed a brown ugly thing
  7536 | D:7      | Found a staircase to the Ecumenical Temple.
  7731 | D:7      | Noticed a hippogriff
  7735 | D:6      | Identified the -2 quarterstaff of the Lost Gods {flame,
                  | rC++}
  7742 | D:6      | Killed a hippogriff
  7742 | D:6      | Reached skill level 5 in Fighting
  8011 | Temple   | Entered the Ecumenical Temple
  8316 | D:7      | Reached XP level 9. HP: 67/67 MP: 6/12
  8659 | D:7      | Reached skill level 6 in Fighting
  8951 | D:7      | Found an iron altar of Okawaru.
  9074 | D:8      | Found a shattered altar of Ashenzari.
  9212 | D:4      | Reached skill level 10 in Long Blades
  9312 | D:4      | Killed Edmund
  9888 | D:4      | Killed Phong's ghost
 10122 | D:8      | Noticed a hornet
 10123 | D:8      | Noticed a hornet
 10125 | D:8      | You fall through a shaft!
 10133 | D:9      | Reached skill level 7 in Fighting
 10139 | D:9      | Got a faintly humming scale mail
 10151 | D:9      | Identified the +1 scale mail of Cowardice {*Corrode rF+
                  | Str+6} (You found it on level 9 of the Dungeon)
 10358 | D:8      | Found a white marble altar of Elyvilon.
 10498 | D:8      | Reached ** piety under Nemelex Xobeh
 10691 | D:8      | Received a gift from Nemelex Xobeh
 10704 | D:8      | Reached XP level 10. HP: 78/78 MP: 6/13
 10798 | D:8      | Learned a level 3 spell: Spectral Weapon
 10800 | D:8      | Learned a level 1 spell: Summon Small Mammal
 11074 | D:9      | Found Baumen's Demolitions Depot.
 11231 | D:9      | Found a staircase to the Orcish Mines.
 11320 | D:9      | Noticed Grum
 11326 | D:9      | Received a gift from Nemelex Xobeh
 11330 | D:9      | Killed Grum
 12250 | D:10     | Entered Level 10 of the Dungeon
 12327 | D:9      | Reached skill level 8 in Fighting
 12748 | D:10     | Killed an unseen horror
 13620 | D:7      | Killed a brown ugly thing
 13868 | D:7      | Reached XP level 11. HP: 86/86 MP: 5/14
 14352 | D:10     | Noticed Josephine
 14530 | D:10     | Learned a level 2 spell: Blink
 14631 | D:11     | Received a gift from Nemelex Xobeh
 14936 | D:11     | Found a deep blue altar of Sif Muna.
 14984 | D:11     | Reached *** piety under Nemelex Xobeh
 15000 | D:11     | Reached skill level 9 in Fighting
 15406 | D:11     | Received a gift from Nemelex Xobeh
 15410 | D:11     | Reached skill level 5 in Charms
 15736 | D:11     | Found Moxzer's Jewellery Boutique.
 16150 | D:8      | Received a gift from Nemelex Xobeh
 16168 | D:8      | Found a staircase to the Lair.
 16531 | Lair:1   | Entered Level 1 of the Lair of Beasts
 16746 | Lair:1   | Noticed Fannar
 16747 | Lair:1   | Noticed Fannar
 16747 | Lair:1   | Fannar changed into Fannar the mana viper
 16749 | Lair:1   | Noticed Fannar
 16749 | Lair:1   | Fannar the mana viper changed into Fannar the tengu
 16751 | Lair:1   | Killed Fannar the tengu
 16913 | Lair:1   | Upgraded the game from 0.23-a0-690-g0a1fc62 to
                  | 0.23-a0-701-gd76f34b
 17353 | Lair:1   | Reached XP level 12. HP: 96/96 MP: 7/17
 17359 | Lair:1   | Reached skill level 10 in Fighting
 17466 | Lair:1   | Got a crude silver ring
 17544 | Lair:1   | Identified the ring "Sympal" {rF+ rC+ MR+} (You found it on
                  | level 1 of the Lair of Beasts)
 18271 | D:11     | Identified Sif Muna's Disquisition on Orientation
 18472 | Lair:2   | Received a gift from Nemelex Xobeh
 18767 | Lair:2   | Reached skill level 1 in Hexes
 18767 | Lair:2   | Reached skill level 1 in Invocations
 18984 | Lair:2   | Found a hole to the Spider Nest.
 18986 | Lair:2   | Noticed Harold
 18991 | Lair:2   | Noticed Urug
 18992 | Lair:2   | You fall through a shaft for 2 floors!
 19722 | Lair:3   | Found the +5 pair of quick blades "Gyre" and "Gimble"
                  | {pierce, Dex-3}
 20235 | Lair:2   | Killed Urug
 20244 | Lair:2   | Killed Harold
 21296 | Lair:3   | Got a warped whip
 21297 | Lair:3   | Identified the +12 whip of Watchfulness {vamp, rC+++ MR++
                  | Str-2} (You found it on level 3 of the Lair of Beasts)
 21373 | Lair:3   | Reached **** piety under Nemelex Xobeh
 21711 | Lair:3   | Reached XP level 13. HP: 55/104 MP: 12/19
 21727 | Lair:3   | Reached skill level 11 in Fighting
 21744 | Lair:3   | Reached skill level 5 in Dodging
 22032 | Lair:3   | Found a staircase to the Swamp.
 22138 | Lair:3   | Reached skill level 1 in Shields
 22857 | Lair:3   | Noticed a five-headed hydra
 22862 | Lair:3   | Killed a five-headed hydra
 23380 | Lair:4   | Received a gift from Nemelex Xobeh
 23380 | Lair:4   | Noticed Xodoxeg's ghost (journeyman NaWz)
 23385 | Lair:4   | Found a runed gate.
 23385 | Lair:4   | Found a runed gate.
 23385 | Lair:4   | Found a runed gate.
 23691 | Lair:4   | Received a gift from Nemelex Xobeh
 24235 | Lair:5   | Reached skill level 15 in Long Blades
 25177 | Lair:5   | Noticed a catoblepas
 25185 | Lair:4   | Killed a catoblepas
 25297 | Lair:5   | Received a gift from Nemelex Xobeh
 25381 | Lair:5   | Found a staircase to the Slime Pits.
 25381 | Lair:5   | Found a viscous altar of Jiyva.
 26060 | Lair:5   | You fall through a shaft!
 26060 | Lair:6   | Entered Level 6 of the Lair of Beasts
 26250 | Lair:5   | Received a gift from Nemelex Xobeh
 26506 | Lair:6   | Reached ***** piety under Nemelex Xobeh
 26652 | Lair:6   | Noticed a seven-headed hydra
 26693 | Lair:6   | Reached skill level 5 in Armour
 26720 | Lair:6   | Found a shadowy altar of Dithmenos.
 26842 | Lair:6   | Reached XP level 14. HP: 113/113 MP: 20/20
 27212 | Lair:6   | Received a gift from Nemelex Xobeh
 27278 | Lair:6   | Noticed a dire elephant
 27501 | Lair:6   | Received a gift from Nemelex Xobeh
 27986 | D:11     | Upgraded the game from 0.23-a0-701-gd76f34b to
                  | 0.23-a0-703-gdf2d5e0
 28220 | D:12     | Found a gate leading to a gauntlet.
 28243 | D:12     | Reached skill level 12 in Fighting
 28285 | Gauntlet | Entered a Gauntlet
 28285 | Gauntlet | Found a transporter.
 28285 | Gauntlet | Found a transporter.
 28383 | Gauntlet | Found a transporter.
 28399 | Gauntlet | Found a transporter.
 28435 | Gauntlet | Found a transporter.
 28452 | Gauntlet | Found a transporter.
 28470 | Gauntlet | Found a transporter.
 28543 | Gauntlet | Found a transporter.
 28546 | Gauntlet | Found a transporter.
 28559 | Gauntlet | Found a transporter.
 28568 | Gauntlet | Found a transporter.
 28569 | Gauntlet | Found a transporter.
 28572 | Gauntlet | Found the +6 Majin-Bo {vamp, Archmagi MP+6 Int+6}
 28595 | Gauntlet | Found the brooch of Shielding {Reflect SH+8}
 28598 | Gauntlet | Found a transporter.
 28626 | Gauntlet | Found a transporter.
 28673 | Gauntlet | Found a transporter.
 28689 | Gauntlet | Received a gift from Nemelex Xobeh
 28690 | Gauntlet | Found a transporter.
 28949 | Gauntlet | Got a pitted garnet amulet
 28964 | Gauntlet | Identified the amulet of the Morning {Reflect Dex+6 SH+6
                  | SInv} (You found it in a Gauntlet)
 29527 | Gauntlet | Got a dazzling helmet
 29538 | Gauntlet | Identified the +0 helmet of Ycrui {Dex+4} (You found it in
                  | a Gauntlet)
 29566 | Gauntlet | Identified the ring of Bets {rCorr rElec rPois rC-}
 29566 | Gauntlet | Noticed a minotaur
 29582 | Gauntlet | Killed a minotaur
 30612 | D:11     | Bought the ring "Dauhauv" {+Blink SInv} for 435 gold pieces
 30794 | D:6      | Killed TheNamelessOne's ghost
 30795 | D:6      | Killed galech's ghost
 30801 | D:6      | Killed azzavlup's ghost
 30805 | D:6      | Killed DrClinical's ghost
 30815 | D:6      | Killed Zanta616's ghost
 31610 | D:12     | Received a gift from Nemelex Xobeh
 31850 | D:12     | Upgraded the game from 0.23-a0-703-gdf2d5e0 to
                  | 0.23-a0-704-g7fdf9c5
 31963 | Orc:1    | Entered Level 1 of the Orcish Mines
 32339 | Orc:1    | Received a gift from Nemelex Xobeh
 32452 | Orc:1    | Noticed Erolcha
 32453 | Orc:1    | Noticed Erolcha
 32453 | Orc:1    | Erolcha changed into Erolcha the ice beast
 32469 | Orc:1    | Killed Erolcha the ice beast
 32718 | Orc:1    | Noticed an orc warlord
 32724 | Orc:1    | Reached XP level 15. HP: 107/122 MP: 21/21
 32725 | Orc:1    | Reached skill level 1 in Translocations
 32726 | Orc:1    | Reached skill level 1 in Summonings
 32726 | Orc:1    | Reached skill level 1 in Evocations
 32739 | Orc:1    | Noticed an orc warlord
 32747 | Orc:1    | Killed an orc warlord
 33011 | Orc:1    | Killed an orc warlord
 33410 | Orc:1    | Found a roughly hewn altar of Beogh.
 33665 | Orc:2    | Entered Level 2 of the Orcish Mines
 33896 | Orc:2    | Found a staircase to the Elven Halls.
 33945 | Orc:2    | Found a roughly hewn altar of Beogh.
 33945 | Orc:2    | Found Yfuskint's Magic Scroll Emporium.
 34075 | Orc:2    | Bought a scroll of random uselessness for 16 gold pieces
 34077 | Orc:2    | Bought a scroll of identify for 32 gold pieces
 34077 | Orc:2    | Bought a scroll of identify for 32 gold pieces
 34077 | Orc:2    | Bought a scroll of identify for 32 gold pieces
 34181 | Orc:2    | Received a gift from Nemelex Xobeh
 34309 | Orc:2    | Found a roughly hewn altar of Beogh.
 34465 | Orc:2    | Found a roughly hewn altar of Beogh.
 34468 | Orc:2    | Found Curphok's Armour Boutique.
 34640 | Orc:2    | Noticed an orc warlord
 34653 | Orc:2    | Received a gift from Nemelex Xobeh
 34926 | Orc:2    | Killed an orc warlord
 35141 | Orc:2    | Found a roughly hewn altar of Beogh.
 35570 | Orc:2    | Noticed an orc warlord
 35574 | Orc:2    | Reached skill level 5 in Invocations
 35706 | Orc:2    | Killed an orc warlord
 36358 | Orc:2    | Found Napnueq's Antique Weapon Emporium.
 36359 | Orc:2    | Found a roughly hewn altar of Beogh.
 36360 | Orc:2    | Found Rungip's Antique Armour Shoppe.
 36513 | Orc:2    | Found a roughly hewn altar of Beogh.
 36524 | Orc:2    | Found a roughly hewn altar of Beogh.
 36605 | Orc:2    | Reached skill level 5 in Spellcasting
 36892 | Orc:2    | Bought a runed ring mail for 161 gold pieces
 36980 | Orc:2    | Bought a scroll of amnesia for 56 gold pieces
 36980 | Orc:2    | Bought a scroll of enchant armour for 120 gold pieces
 36980 | Orc:2    | Bought a scroll of amnesia for 56 gold pieces
 36980 | Orc:2    | Bought a scroll of teleportation for 48 gold pieces
 36980 | Orc:2    | Bought a scroll of magic mapping for 56 gold pieces
 37876 | D:13     | Received a gift from Nemelex Xobeh
 38026 | D:13     | Found a gate to the Vaults.
 38110 | D:13     | Found a blossoming altar of Fedhas.
 38699 | D:14     | Noticed Agnes
 38921 | D:9      | Bought a book of Air for 490 gold pieces
 38927 | D:9      | Learned a level 2 spell: Swiftness
 39341 | D:10     | Killed Josephine
 39518 | D:10     | Reached skill level 13 in Fighting
 39922 | D:14     | Received a gift from Nemelex Xobeh
 39977 | D:14     | Reached XP level 16. HP: 104/129 MP: 22/24
 40325 | D:14     | Killed Agnes
 40447 | D:14     | Received a gift from Nemelex Xobeh
 41087 | D:15     | Entered Level 15 of the Dungeon
 41090 | D:15     | Received a gift from Nemelex Xobeh
 41239 | D:15     | Found a staircase to the Depths.
 41248 | D:15     | Reached ****** piety under Nemelex Xobeh
 41537 | D:14     | Upgraded the game from 0.23-a0-704-g7fdf9c5 to
                  | 0.23-a0-819-g6debee6
 42393 | D:15     | Noticed Nessos
 42402 | D:15     | Killed Nessos
 42776 | D:15     | Received a gift from Nemelex Xobeh
 43025 | D:15     | Found a portal to a secret trove of treasure.
 43520 | Swamp:1  | Entered Level 1 of the Swamp
 43800 | Swamp:1  | Received a gift from Nemelex Xobeh
 44063 | Swamp:1  | Reached skill level 5 in Hexes
 44295 | Swamp:1  | Noticed a thorn hunter
 44306 | Swamp:1  | Killed a thorn hunter
 44306 | Swamp:1  | Reached skill level 14 in Fighting
 45403 | Swamp:1  | Noticed a thorn hunter
 45417 | Swamp:1  | Killed a thorn hunter
 45691 | Swamp:1  | Received a gift from Nemelex Xobeh
 46717 | Swamp:2  | Reached XP level 17. HP: 138/138 MP: 23/26
 46795 | Swamp:2  | Upgraded the game from 0.23-a0-819-g6debee6 to
                  | 0.23-a0-831-g5da158a
 47325 | Swamp:2  | Found a glowing golden altar of the Shining One.
 47648 | Spider:1 | Entered Level 1 of the Spider Nest
 47711 | Lair:2   | Reached skill level 5 in Shields
 47719 | Spider:1 | Received a gift from Nemelex Xobeh
 47742 | Spider:1 | Noticed Frances
 47757 | Spider:1 | Killed Frances
 48732 | Spider:1 | Found a runed door.
 48735 | Spider:1 | Found a shimmering altar of Xom.
 48735 | Spider:1 | Noticed zkyp's ghost (journeyman TrGl)
 50479 | Swamp:3  | Received a gift from Nemelex Xobeh
 50617 | Swamp:3  | Noticed a thorn hunter
 50628 | Swamp:3  | Killed a thorn hunter
 51371 | Spider:2 | Reached skill level 10 in Dodging
 51486 | Spider:2 | Received a gift from Nemelex Xobeh
 51670 | Spider:2 | Reached skill level 5 in Evocations
 52237 | Swamp:4  | Entered Level 4 of the Swamp
 52296 | Swamp:4  | Got a faintly glowing copper ring
 52297 | Swamp:4  | Found an iron altar of Okawaru.
 52322 | Swamp:4  | Noticed a thorn hunter
 52326 | Swamp:4  | Reached XP level 18. HP: 103/148 MP: 24/28
 52639 | Swamp:4  | Noticed Kirke
 52735 | Swamp:4  | Killed Kirke
 52998 | Swamp:4  | Reached skill level 15 in Fighting
 53163 | Swamp:4  | Identified the ring "Miegikh" {rN+ MP+9 Str+4 Int-5} (You
                  | found it on level 4 of the Swamp)
 54162 | Swamp:4  | Received a gift from Nemelex Xobeh
 54592 | Swamp:4  | Got a decaying rune of Zot
 54970 | Spider:2 | Reached skill level 10 in Armour
 56838 | Spider:3 | Reached skill level 10 in Invocations
 59453 | Spider:4 | Entered Level 4 of the Spider Nest
 59733 | Spider:4 | Received a gift from Nemelex Xobeh
 60034 | Spider:4 | Reached XP level 19. HP: 157/157 MP: 25/29
 60395 | Spider:4 | Received a gift from Nemelex Xobeh
 61410 | Spider:4 | Reached skill level 16 in Fighting
 63664 | Spider:4 | Got a gossamer rune of Zot
 64112 | Vaults:1 | Entered Level 1 of the Vaults
 64737 | Vaults:1 | Received a gift from Nemelex Xobeh
 65319 | Vaults:1 | Reached skill level 5 in Translocations
 65865 | Vaults:1 | Received a gift from Nemelex Xobeh
 66063 | Vaults:1 | You fall through a shaft!
 66127 | Vaults:2 | Reached skill level 17 in Fighting
 66131 | Vaults:2 | Reached XP level 20. HP: 63/168 MP: 20/30
 66833 | Vaults:1 | Noticed a lich
 66844 | Vaults:1 | Killed a lich
 67756 | Vaults:2 | Received a gift from Nemelex Xobeh
 68209 | Vaults:2 | Received a gift from Nemelex Xobeh
 68791 | Vaults:2 | Found Cine's General Store.
 68797 | Vaults:2 | Received a gift from Nemelex Xobeh
 69142 | Vaults:2 | Bought a scroll of enchant weapon for 112 gold pieces
 69686 | Vaults:3 | Received a gift from Nemelex Xobeh
 69696 | Vaults:3 | Found a staircase to the Crypt.
 69729 | Vaults:3 | You fall through a shaft!
 70666 | Vaults:4 | Noticed Saint Roka
 70686 | Vaults:4 | Reached skill level 18 in Fighting
 70694 | Vaults:4 | Killed Saint Roka
 70916 | Vaults:4 | Reached skill level 1 in Throwing
 70988 | Vaults:4 | Reached XP level 21. HP: 103/177 MP: 29/32
 70989 | Vaults:4 | Noticed Frederick
 70995 | Vaults:4 | Killed Frederick
 71694 | Vaults:3 | Found a runed door.
 71695 | Vaults:3 | Noticed Onaigh's ghost (adept NaAE)
 71944 | Vaults:3 | Received a gift from Nemelex Xobeh
 73767 | Spider:1 | Killed zkyp's ghost
 73769 | Spider:1 | Identified the Grimoire of Noxious Enchantment
 74162 | Vaults:3 | Killed Onaigh's ghost
 75200 | Vaults:4 | Identified a scroll of acquirement
 77573 | Vaults:4 | Reached skill level 19 in Fighting
 77795 | Vaults:4 | Received a gift from Nemelex Xobeh
 79334 | Depths:1 | Entered Level 1 of the Depths
 79663 | Depths:1 | Reached XP level 22. HP: 150/187 MP: 12/34
 79910 | Depths:1 | Received a gift from Nemelex Xobeh
 80268 | Depths:1 | Found a gateway to Hell.
 81126 | Depths:1 | Found a one-way gate to the infinite horrors of the Abyss.
 81964 | Depths:1 | Received a gift from Nemelex Xobeh
 83313 | Depths:1 | Learned a level 4 spell: Passage of Golubria
 83318 | Depths:1 | Learned a level 4 spell: Animate Dead
 83324 | Depths:1 | Learned a level 5 spell: Summon Mana Viper
 83327 | Depths:1 | Learned a level 2 spell: Passwall
 83331 | Depths:1 | Learned a level 3 spell: Recall
 83967 | Depths:2 | Reached skill level 1 in Earth Magic
 83968 | Depths:2 | Found a gateway to a ziggurat.
 84022 | Depths:1 | Reached skill level 1 in Transmutations
 85099 | Depths:2 | Found Antiniel's Armour Shop.
 85107 | Depths:2 | Bought a +2 pair of boots of stealth for 473 gold pieces
 85264 | Depths:2 | Received a gift from Nemelex Xobeh
 85561 | Depths:2 | Reached skill level 5 in Necromancy
 85775 | Depths:2 | Noticed a juggernaut
 85799 | Depths:2 | Killed a juggernaut
 85934 | Depths:2 | Identified Dimun's Catalogue of Flight and Intoxication
 85975 | Depths:2 | Reached XP level 23. HP: 194/194 MP: 27/35
 86002 | Depths:2 | Identified the +4 halberd "Beastbane" {freeze, *Noise +Rage
                  | SInv}
 87595 | Depths:3 | Reached skill level 10 in Hexes
 87857 | Depths:3 | Received a gift from Nemelex Xobeh
 87866 | Depths:3 | Flooderbenga: ??titan
 87866 | Depths:3 | beem: titan[1/2]: Big purple C. Spellcasters that can heal,
                  | with their primary form of attack being lightning bolts.
                  | Like a stone giant with laser vision, infinite ammo, and
                  | better fashion sense.
 87866 | Depths:3 | Flooderbenga: @?titan
 87866 | Depths:3 | beem: titan (C)
                  | Spd:
    10 | HD: 20   | HP: 84-126
                  | AC/EV:
                  | 10/3
                  | Dam: 55
                  | doors, fighter, spellcaster, see invisible
                  | | Res: magic(180), elec+++, drown
                  | XP:
  2588 | Sp:      | b.lightning (3d24), minor healing (2d10+3), airstrike
                  | (0-50)
                  | Sz: Giant
                  | Int: human.
 87868 | Depths:3 | Identified the +3 demon trident of Change {elec, rF+}
 88890 | Depths:3 | Noticed a golden dragon
 89096 | Depths:3 | Killed a golden dragon
 90075 | Depths:3 | You fall through a shaft!
 90713 | Depths:3 | Found a one-way gate leading to the halls of Pandemonium.
 91402 | Depths:4 | Reached XP level 24. HP: 183/201 MP: 33/36
 91454 | Depths:4 | Received a gift from Nemelex Xobeh
 91664 | Depths:4 | Reached skill level 5 in Summonings
 92139 | Depths:4 | Noticed a caustic shrike
 92271 | Depths:4 | Killed a caustic shrike
 92339 | Depths:4 | Upgraded the game from 0.23-a0-831-g5da158a to
                  | 0.23-a0-837-ga3e6480
 92461 | Depths:4 | Identified the cursed +1 leather armour of Absence {rF+}
 92846 | Depths:4 | Received a gift from Nemelex Xobeh
 92886 | Depths:4 | Reached skill level 10 in Spellcasting
 93314 | Depths:4 | Noticed a juggernaut
 93319 | Depths:4 | Learned a level 2 spell: Sticks to Snakes
 93335 | Depths:4 | Killed a juggernaut
 94141 | Depths:4 | Noticed a golden dragon
 94156 | Depths:4 | Killed a golden dragon
 94528 | Depths:5 | Entered Level 5 of the Depths
 96012 | Depths:5 | Reached skill level 20 in Fighting
 96276 | Depths:5 | Noticed a golden dragon
 96530 | Depths:5 | Killed a golden dragon
 97493 | Depths:4 | Reached XP level 25. HP: 92/211 MP: 32/37
 97906 | Depths:5 | Found a gate to the Realm of Zot.
 98970 | Orc:2    | Bought shiny pearl dragon scales for 2348 gold pieces
 99301 | Depths:1 | Voluntarily entered the Abyss.
 99304 | Abyss:1  | Learned a level 1 spell: Apportation
101412 | Abyss:2  | Received a gift from Nemelex Xobeh
101433 | Abyss:3  | Found a corrupted altar of Lugonu.
101486 | Abyss:3  | Flooderbenga: ??lurking horror
101486 | Abyss:3  | beem: lurking horror[1/2]: An abyssal giant spore that
                  | torments (full LOS) when it explodes. Follows you with
                  | wandering mushroom AI while at a distance, but becomes
                  | increasingly likely to chase you (with speed 12) instead of
                  | standing still, the closer it gets.
101486 | Abyss:3  | Flooderbenga: ??lurking horror[2
101486 | Abyss:3  | beem: lurking horror[2/2]: You can avoid the torment with
                  | freezing clouds or explosions hitting the horror just out
                  | of LOS, if you can lock down their movement.
101486 | Abyss:3  | Paralysed by an orc sorcerer for 5 turns
101490 | Abyss:3  | Noticed an ancient lich
101493 | Depths:1 | Escaped the Abyss
101658 | Depths:1 | Upgraded the game from 0.23-a0-837-ga3e6480 to
                  | 0.23-a0-839-g6d2b917
101900 | Elf:1    | Entered Level 1 of the Elven Halls
101918 | Elf:1    | Received a gift from Nemelex Xobeh
101932 | Elf:1    | Identified the cursed +0 large shield of Intercession {rC+
                  | MR+}
101932 | Elf:1    | Noticed Louise
101962 | Elf:1    | Killed Louise
102402 | Elf:1    | Received a gift from Nemelex Xobeh
104004 | Elf:2    | Noticed Asterion
104005 | Elf:2    | Killed Asterion
104865 | Elf:2    | Found a huge runed gate.
104865 | Elf:2    | Found a huge runed gate.
104865 | Elf:2    | Found a huge runed gate.
104940 | Elf:2    | Received a gift from Nemelex Xobeh
105061 | Elf:2    | Learned a level 3 spell: Tukima's Dance
106200 | Elf:3    | Entered Level 3 of the Elven Halls
106279 | Elf:3    | Received a gift from Nemelex Xobeh
106569 | Elf:3    | Found Oxzad's Gadget Shoppe.
106569 | Elf:3    | Found Goqu's Jewellery Boutique.
106583 | Elf:3    | Found Jonnap's Gadget Shoppe.
106619 | Elf:3    | Bought an uncursed amulet of regeneration for 540 gold
                  | pieces
106890 | Elf:3    | Received a gift from Nemelex Xobeh
107215 | Depths:1 | Voluntarily entered the Abyss.
107397 | Abyss:1  | Gained mutation: Armour fits poorly on your strangely
                  | shaped body. [a neqoxec]
107495 | Abyss:1  | Gained mutation: You occasionally shout uncontrollably at
                  | your foes. [a neqoxec]
107552 | Abyss:1  | Reached XP level 26. HP: 64/216 MP: 11/37
107554 | Depths:1 | Escaped the Abyss
108210 | Vaults:5 | Entered Level 5 of the Vaults
108372 | Vaults:4 | Lost mutation: You occasionally shout uncontrollably at
                  | your foes. [potion of mutation]
108372 | Vaults:4 | Lost mutation: Armour fits poorly on your strangely shaped
                  | body. [potion of mutation]
108372 | Vaults:4 | Gained mutation: You are partially covered in thin metallic
                  | scales. (AC +2) [potion of mutation]
108372 | Vaults:4 | Gained mutation: You are robust. (+10% HP) [potion of
                  | mutation]
108372 | Vaults:4 | Gained mutation: You are very robust. (+20% HP) [potion of
                  | mutation]
108485 | Vaults:5 | Identified the +8 flail of the People {speed, +Rage Str+6
                  | Dex-4}
108636 | Vaults:5 | Got a pair of translucent gloves
108637 | Vaults:5 | Identified the +5 pair of gloves of the Empire {-Tele +Fly
                  | rPois rN+} (You found it on level 5 of the Vaults)
108673 | Vaults:5 | Received a gift from Nemelex Xobeh
108809 | Vaults:5 | Identified the +0 quarterstaff "Ilit" {flame, Int+4}
109289 | Vaults:4 | Reached skill level 15 in Armour
109289 | Vaults:4 | Reached skill level 15 in Dodging
109466 | Vaults:4 | Reached skill level 21 in Fighting
109633 | Vaults:4 | Reached skill level 10 in Shields
110868 | Vaults:5 | Identified the ring of Sif Muna's Pride {Ice rElec Str+5}
110883 | Vaults:5 | Reached XP level 27. HP: 121/269 MP: 32/37
111367 | Vaults:5 | Got a pair of distressingly furry gloves
111368 | Vaults:5 | Identified the +0 pair of gloves "Vusef" {Regen+} (You
                  | found it on level 5 of the Vaults)
111434 | Vaults:5 | Got a silver rune of Zot
111743 | Vaults:5 | Received a gift from Nemelex Xobeh
111751 | Vaults:5 | Found Ymaulu Iroann's Gadget Emporium.
111909 | Vaults:5 | Found Cacur's Food Shoppe.
111912 | Vaults:5 | Found Udoidokh's Magic Scroll Boutique.
111920 | Vaults:5 | Bought a scroll of brand weapon for 260 gold pieces
111938 | Vaults:5 | Found Binaif's Magic Scroll Shop.
111938 | Vaults:5 | Found Veidif's Magic Scroll Emporium.
111948 | Vaults:5 | Found Yfrooh's Food Boutique.
111971 | Vaults:5 | Found Dim Bore's Food Shop.
111994 | Vaults:5 | Found Oceczeph's Magic Scroll Emporium.
111994 | Vaults:5 | Found Ynwa's Magic Scroll Boutique.
112016 | Vaults:5 | Upgraded the game from 0.23-a0-839-g6d2b917 to
                  | 0.23-a0-844-gdc03e01
112750 | Lair:4   | Killed Xodoxeg's ghost
114279 | Elf:3    | Identified the +1 ring mail of the Tundras {rPois Int+7
                  | Dex-3 Stlth+} (You acquired it on level 3 of the Elven
                  | Halls)
114285 | Elf:3    | Got a faintly glowing buckler
114286 | Elf:3    | Identified the +1 buckler of the Castellan {*Drain Str+6}
                  | (You acquired it on level 3 of the Elven Halls)
114521 | Elf:3    | Identified the Handbook of Excruciating Bewitchment
115194 | Vaults:5 | Bought 3 scrolls of brand weapon for 1020 gold pieces
115208 | Vaults:5 | Bought a scroll of teleportation for 39 gold pieces
115482 | Depths:1 | Voluntarily entered the Abyss.
115543 | Abyss:1  | Received a gift from Nemelex Xobeh
115835 | Abyss:1  | Noticed an ancient lich
115852 | Abyss:1  | Killed an ancient lich
115858 | Abyss:1  | Received a gift from Nemelex Xobeh
116036 | Abyss:1  | Received a gift from Nemelex Xobeh
116188 | Abyss:1  | Received a gift from Nemelex Xobeh
116487 | Abyss:2  | Reached skill level 5 in Transmutations
116670 | Abyss:2  | Received a gift from Nemelex Xobeh
116919 | Abyss:3  | Reached skill level 15 in Shields
117073 | Abyss:3  | Gained mutation: You tend to lose your temper in combat. [a
                  | neqoxec]
117091 | Abyss:3  | Found a runed door.
117145 | Abyss:3  | Paralysed by accursed screaming for 1 turns
117151 | Abyss:3  | Reached skill level 10 in Summonings
117208 | Abyss:3  | Paralysed by accursed screaming for 1 turns
117433 | Abyss:4  | Received a gift from Nemelex Xobeh
117674 | Abyss:5  | Entered Level 5 of the Abyss
117714 | Abyss:5  | Found a corrupted altar of Lugonu.
117734 | Abyss:5  | Found a corrupted altar of Lugonu.
117865 | Abyss:5  | Received a gift from Nemelex Xobeh
117986 | Abyss:5  | Paralysed by accursed screaming for 1 turns
118089 | Abyss:5  | Identified the +8 short sword of Ruetux {elec, rElec rPois
                  | rC- MR++} (You found it on level 5 of the Abyss)
118333 | Abyss:5  | Paralysed by accursed screaming for 1 turns
118360 | Abyss:5  | Paralysed by accursed screaming for 1 turns
118411 | Abyss:5  | Found a corrupted altar of Lugonu.
118496 | Abyss:5  | Identified the +3 executioner's axe "Ciblar" {flame, Dex+3}
118506 | Abyss:5  | Received a gift from Nemelex Xobeh
119241 | Abyss:5  | Reached skill level 22 in Fighting
119250 | Abyss:5  | Reached skill level 10 in Translocations
119258 | Depths:1 | Escaped the Abyss
119365 | Depths:1 | Voluntarily entered the Abyss.
119439 | Abyss:1  | Received a gift from Nemelex Xobeh
119449 | Abyss:1  | Found a corrupted altar of Lugonu.
119538 | Abyss:1  | Identified the Disquisition on Displaced Talismans
119539 | Abyss:1  | Identified the Tome of the Insatiable Tales
119540 | Abyss:1  | Identified the Almanac of Malediction
119546 | Abyss:1  | Identified the Reference Book on Unholy Arts
119548 | Abyss:1  | Identified the Tome of Transmutation
119572 | Abyss:1  | Identified the Disquisition on the Escort
119626 | Abyss:1  | Reached skill level 1 in Stealth
119626 | Abyss:1  | Paralysed by accursed screaming for 1 turns
119629 | Depths:1 | Escaped the Abyss
119759 | Depths:1 | Voluntarily entered the Abyss.
119912 | Abyss:2  | Received a gift from Nemelex Xobeh
119939 | Abyss:3  | Found a corrupted altar of Lugonu.
120017 | Abyss:3  | Got an abyssal rune of Zot
120034 | Depths:1 | Escaped the Abyss
120190 | D:15     | You showed the abyssal rune of Zot to enter a treasure
                  | trove
120191 | Trove    | Entered a treasure trove
120887 | Vaults:5 | Bought 3 scrolls of enchant armour for 292 gold pieces
120891 | Vaults:5 | Upgraded the game from 0.23-a0-844-gdc03e01 to
                  | 0.23-a0-890-gc183402
120891 | Vaults:5 | Upgraded the game from 0.23-a0-890-gc183402 to
                  | 0.24-a0-7-g1bb0902
121261 | Slime:1  | Entered Level 1 of the Pits of Slime
121671 | Slime:4  | Gained mutation: Your spells are a little easier to cast,
                  | but a little less powerful. [a shining eye]
121707 | Slime:5  | Entered Level 5 of the Pits of Slime
121886 | Slime:5  | Received a gift from Nemelex Xobeh
122139 | Slime:4  | Received a gift from Nemelex Xobeh
122261 | Slime:5  | Noticed the Royal Jelly
122279 | Slime:5  | Killed the Royal Jelly
122309 | Slime:5  | Found the +2 shield of Resistance {rF+ rC+ MR+}
122322 | Slime:5  | Found the amulet of Vitality {Regen+ HP+15}
122343 | Slime:5  | Identified the +7 quick blade of Juall {protect, +Inv
                  | Str+2} (You found it on level 5 of the Pits of Slime)
122374 | Slime:5  | Found the +3 Elemental Staff {rElec rF++ rC++ MR++ AC+5}
122412 | Slime:5  | Got a slimy rune of Zot
122431 | Slime:5  | Identified the ring of Haufasch {rC+ Str+2} (You found it
                  | on level 5 of the Pits of Slime)
122489 | Slime:5  | Identified the +12 great sword of Famine {flame, MP+9
                  | Str+5} (You found it on level 5 of the Pits of Slime)
123017 | Zot:1    | Entered Level 1 of the Realm of Zot
123017 | Zot:1    | Noticed an ancient lich
123017 | Zot:1    | Noticed a Killer Klown
123018 | Zot:1    | Noticed a Killer Klown
123019 | Zot:1    | Noticed a Killer Klown
123034 | Zot:1    | Killed an ancient lich
123037 | Zot:1    | Reached skill level 10 in Evocations
123045 | Zot:1    | Killed a Killer Klown
123053 | Zot:1    | Killed a Killer Klown
123070 | Zot:1    | Killed a Killer Klown
123165 | Zot:1    | Reached skill level 5 in Throwing
123426 | Zot:2    | Received a gift from Nemelex Xobeh
123834 | Zot:2    | Reached skill level 23 in Fighting
123841 | Zot:3    | Found a large runed translucent door.
123841 | Zot:3    | Found a large runed translucent door.
123908 | Zot:3    | Noticed Wolulamy's ghost (veteran SpEn)
124015 | Zot:3    | Received a gift from Nemelex Xobeh
124676 | Zot:3    | Upgraded the game from 0.24-a0-7-g1bb0902 to
                  | 0.24-a0-10-gb84795d
124676 | Zot:3    | HP: 13/297 [quicksilver dragon (12)]
124679 | Zot:3    | Slain by a death cob

Vault maps used:
D:1:      lightli_molten_gateway
D:2:      first_ration
D:3:      nemelex_altar_shiori
D:4:      yredelemnul_altar_generic, gammafunk_ghost_grave, serial_undead,
          serial_undead_f, serial_undead_b, serial_undead_f, serial_undead_c,
          uniq_edmund
D:5:      serial_shops, nicolae_shop_statue_plus, kennysheep_generic_room_8
D:6:      cheibrodos_helix_gallery, gammafunk_temple_overflow_wave,
          gammafunk_ghost_cemetery
D:7:      okawaru_humans, minmay_temple_entry_gardened_gates
D:8:      elyvilon_altar_1, ashenzari_altar_1, grunt_lair_entry_orc_guard_hut,
          hangedman_decor_growths, hangedman_pestilent_swarm
D:9:      orc_0_dummy, nicolae_blasting_shop, uniq_grum
D:10:     uniq_josephine
D:11:     serial_shops, shop, special_room, led_sif_book
D:12:     gauntlet_entry_generic, due_unseen_surprise
D:13:     ximxim_vaults_locker_room, minmay_misc_feat_room,
          fedhas_altar_decomposition
D:14:     minmay_misc_feat_plants, uniq_agnes
D:15:     gammafunk_depths_entry_grave, enter_trove_3, grunt_decor_clamped,
          uniq_nessos
Temple:   eino_temple_rhombus
Lair:1:   beast_lair_carwin_2, uniq_fannar
Lair:2:   spider_nest_entry_web_field, special_room,
          hangedman_lair_generics_rect, uniq_harold, uniq_urug
Lair:3:   kb_forest_paths, swamp_mist
Lair:4:   serial_bayou, serial_bayou_pond_e, serial_bayou_ford_a,
          serial_bayou_crossing, serial_bayou_pond_c, gammafunk_ghost_split
Lair:5:   slime_altar_1, st_stairs_6, grunt_megastairs_3, lemuel_fruit_fields,
          infiniplex_staircase_pool, lemuel_fruit_tree
Lair:6:   grunt_lair_end_beastmaster, basic_altar, kennysheep_basilisk_garden,
          lemuel_fruit_fields
Swamp:1:  evilmike_swamp_ruin_house_6, swamp_pool4, hangedman_swamp_wriggling
Swamp:2:  nicolae_swamp_godswood
Swamp:3:  evilmike_swamp_ruin_house_3
Swamp:4:  swamp_fiery, swamp_pool4, lemuel_altar_in_water, uniq_kirke
Spider:1: ebering_ghost_xom, uniq_frances
Spider:2: lemuel_spider_zombies
Spider:3: minivault_29
Spider:4: floodkiller_spider_rune_tomb, nicolae_spider_cling_ruins
Slime:2:  cheibrodos_slime_lost_civilization_5, uniq_dissolution
Slime:4:  nicolae_slime_barrier
Orc:1:    minmay_orc_temple_c, uniq_erolcha
Orc:2:    grunt_orc_community_town_hall, grunt_orc_community_big_house_1,
          grunt_orc_community_big_house_2, grunt_orc_community_house_1,
          grunt_orc_community_house_3, grunt_orc_community_house_2,
          grunt_orc_community_house_2, grunt_orc_community_house_1
Elf:1:    minivault_28, uniq_louise
Elf:2:    uniq_asterion
Elf:3:    minmay_elf_hall_not_hex, minmay_shop_grove
Vaults:1: grunt_vaults_swirl, vaults_mumra_hexcomb, ontoclasm_vaults_spin,
          dpeg_vaults_waves, vaults_mumra_minichess_inversion,
          vaults_standard_mumra_x, v_misc_15, nicolae_vaults_shelves_hall
Vaults:2: nicolae_vaults_network_quinsquares, ontoclasm_vaults_ligature,
          ontoclasm_vaults_idyll, vaults_dpeg_ring, hangedman_vaults_restitches,
          ontoclasm_vaults_shuriken, serial_shops,
          nicolae_shop_temple_entry_statues_fountains
Vaults:3: ebering_vaults_ghost_inner_flame, minmay_crypt_entry_simple_sparse,
          nicolae_vaults_triangles, vaults_mumra_chevron_long,
          nicolae_vaults_theta, nicolae_vaults_circle_grid_a,
          hangedman_vaults_maws, grunt_vaults_diagonal, vaults_room_grid,
          v_misc_9, v_misc_12, grunt_vaults_bifocal, vaults_room_grid,
          vaults_room_corners, vaults_room_door_hall, vaults_dpeg_hooks
Vaults:4: nicolae_vaults_theta, ontoclasm_vaults_chip, v_misc_15,
          nicolae_vaults_network_barrier,
          vaults_standard_mumra_enter_the_diamond,
          ontoclasm_vaults_loading_screen, v_alt_pattern_1, grunt_vaults_focal,
          vaults_standard_mumra_enter_the_diamond,
          nicolae_vaults_diagonal_hallway_9, v_misc_30, ontoclasm_vaults_fault,
          nicolae_vaults_sealed_display, uniq_frederick, uniq_saint_roka
Vaults:5: serial_shops
Depths:1: hell_entry, abyss_entry, nrook_mini_backslash, drop_trap,
          kennysheep_path_1, lightli_minifort, grunt_megastairs_1
Depths:2: minmay_the_grid_triangle_9x9_recursive_2_mashed, enter_ziggurat_a,
          hell_entry, serial_shops, nicolae_shop_trees,
          chequers_decorated_corner, minmay_staircase_bubble
Depths:3: hangedman_cross_cluster, pf_dread_powers_of_hell, pan_entry,
          chequers_serial_rivers_room_a
Depths:4: minmay_box_of_curves, hell_entry, abyss_entry,
          corexii_leaking_fountain
Depths:5: grunt_twist_and_shout, hell_entry, minmay_door_square
Zot:1:    ebering_klown_carousel
Zot:2:    nicolae_moth_party
Zot:3:    ebering_ghost_disaster_area, grunt_ministairs_1
Abyss:1:  hangedman_elemental_corridor
Abyss:2:  hangedman_abyss_feature_spike, minivault_23,
          evilmike_abyss_exit_mutagenic
Abyss:3:  dshaligram_kb_abyss_rune_zappy_water_cross, evilmike_abyss_exit_1,
          evilmike_nicolae_abyss_rune_betentacled_crabyss,
          evilmike_abyss_exit_17
Abyss:4:  evilmike_abyss_exit_mutagenic
Abyss:5:  hangedman_elemental_corridor, evilmike_abyss_rune_ettins
Trove:    trove_misc_throne_room
Gauntlet: gammafunk_gauntlet_branching

Skill      XL: |  1  2  3  4  5  6  7  8  9 10 11 12 13 14 15 16 17 18 19 20 21 22 23 24 25 26 27 |
---------------+----------------------------------------------------------------------------------+-----
Long Blades    | 3 5 6 7 9 10 12 14 15 16 18 19 20 21 | 21.1
Fighting       | 3 4 5 7 8 9 10 11 12 13 14 15 17 18 19 20 21 23 | 23.0
Necromancy     | 1 2 3 4 5 7 8 |  8.0
Charms         | 5 6 7 8 9 |  9.0
Spellcasting   | 3 4 5 6 7 8 9 10 11 | 11.0
Hexes          | 1 2 6 7 10 11 | 11.0
Invocations    | 4 6 7 8 10 11 13 | 13.6
Armour         | 3 5 7 8 9 11 12 13 14 15 16 | 16.1
Dodging        | 4 5 7 9 10 11 12 13 14 15 16 | 16.1
Shields        | 4 5 6 12 15 | 15.0
Translocations | 3 5 6 7 10 | 10.4
Summonings     | 1 3 4 7 11 | 11.0
Evocations     | 3 5 6 7 12 | 12.6
Throwing       | 1 3 9 |  9.2
Earth Magic    | 2 3 |  3.0
Transmutations | 2 3 5 |  5.0
Stealth        | 4 |  4.4

Action                   |  1- 3 |  4- 6 |  7- 9 | 10-12 | 13-15 | 16-18 | 19-21 | 22-24 | 25-27 || total
-------------------------+-------+-------+-------+-------+-------+-------+-------+-------+-------++-------
Melee: Falchion          |    69 |   232 |   173 |       |    27 |   123 |       |       |       ||   624
       Long sword        |       |       |   114 |    98 |       |       |       |       |       ||   212
       Scimitar          |       |       |       |   462 |       |       |       |       |       ||   462
       Short sword       |       |       |       |    51 |   105 |   386 |   117 |       |       ||   659
       Double sword      |       |       |       |    20 |   964 |  1194 |  1447 |  1508 |  3415 ||  8548
       Whip              |       |       |       |    13 |       |       |       |       |       ||    13
       Unarmed           |       |       |       |       |       |       |       |       |    17 ||    17
Throw: Stone             |     1 |     1 |     1 |       |     2 |       |       |       |       ||     5
 Cast: Infusion          |    13 |    34 |    30 |    64 |    38 |     8 |    13 |    17 |     3 ||   220
       Shroud of Golubri |     2 |    10 |    22 |    59 |    64 |     2 |    12 |    24 |    17 ||   212
       Song of Slaying   |     1 |       |       |     7 |    14 |     6 |     8 |     2 |     7 ||    45
       Animate Skeleton  |       |     6 |    15 |    53 |    54 |    23 |    42 |    54 |    43 ||   290
       Regeneration      |       |     1 |     1 |    15 |    23 |    48 |    47 |    72 |    82 ||   289
       Spectral Weapon   |       |       |       |    39 |    89 |   167 |   118 |   140 |   142 ||   695
       Summon Small Mamm |       |       |       |     3 |     1 |       |       |       |       ||     4
       Blink             |       |       |       |     4 |    10 |    16 |    10 |     9 |    26 ||    75
       Swiftness         |       |       |       |       |     1 |     4 |     4 |    29 |     9 ||    47
       Animate Dead      |       |       |       |       |       |       |       |    14 |    32 ||    46
       Passage of Golubr |       |       |       |       |       |       |       |    13 |    26 ||    39
       Recall            |       |       |       |       |       |       |       |     4 |     6 ||    10
       Summon Mana Viper |       |       |       |       |       |       |       |       |   117 ||   117
       Sticks to Snakes  |       |       |       |       |       |       |       |       |    26 ||    26
       Passwall          |       |       |       |       |       |       |       |       |    15 ||    15
       Apportation       |       |       |       |       |       |       |       |       |    19 ||    19
Invok: Stack Five        |       |       |       |       |     1 |       |     1 |     1 |     2 ||     5
       Deal Four         |       |       |       |       |       |     1 |     4 |       |    15 ||    20
       Triple Draw       |       |       |       |       |       |       |       |       |     1 ||     1
 Abil: Draw Summoning    |       |     2 |     2 |     3 |    10 |    17 |    10 |     6 |    24 ||    74
       Draw Escape       |       |       |     2 |     2 |     1 |     1 |     4 |     2 |     2 ||    14
       Draw Destruction  |       |       |     2 |    15 |    51 |    38 |    20 |    16 |    28 ||   170
       Draw Stack        |       |       |       |       |     2 |     3 |     5 |       |    13 ||    23
       Evoke Blink       |       |       |       |       |       |       |       |       |     2 ||     2
Evoke: Wand              |       |       |     9 |    12 |    12 |     7 |    14 |     1 |    24 ||    79
       Lamp of fire      |       |       |       |       |       |     1 |     1 |       |     6 ||     8
       Lightning rod     |       |       |       |       |       |       |       |       |    20 ||    20
       Box of beasts     |       |       |       |       |       |       |       |       |     1 ||     1
       Phial of floods   |       |       |       |       |       |       |       |       |     1 ||     1
       Sack of spiders   |       |       |       |       |       |       |       |       |     1 ||     1
  Use: Scroll            |       |     5 |     5 |     7 |    13 |    18 |    14 |     5 |    60 ||   127
       Potion            |       |     1 |       |       |     4 |     5 |     2 |     1 |    14 ||    27
 Stab: Distracted        |       |       |     1 |    11 |    10 |    24 |    13 |    30 |    57 ||   146
       Confused          |       |       |       |       |     1 |       |       |       |       ||     1
       Petrified         |       |       |       |       |     5 |     5 |     4 |       |     1 ||    15
       Paralysed         |       |       |       |       |       |     5 |     1 |       |       ||     6
       Held in net/web   |       |       |       |       |       |       |     1 |       |       ||     1
       Sleeping          |       |       |       |       |       |       |       |     1 |       ||     1
       Invisible         |       |       |       |       |       |       |       |       |     2 ||     2
  Eat: Chunk             |     3 |    21 |    17 |    47 |    50 |    46 |    33 |    49 |    46 ||   312
       Ration            |       |     1 |       |       |     8 |     9 |    10 |     5 |    23 ||    56
Armor: Leather armour    |    27 |    46 |   126 |   213 |   270 |    48 |       |       |       ||   730
       Crystal plate arm |       |    39 |       |       |       |       |       |       |       ||    39
       Skin              |       |       |       |       |    25 |       |       |       |     1 ||    26
       Ring mail         |       |       |       |       |       |    39 |       |       |       ||    39
       Swamp dragon scal |       |       |       |       |       |   588 |   350 |   412 |    10 ||  1360
       Scale mail        |       |       |       |       |       |       |    95 |       |       ||    95
       Pearl dragon scal |       |       |       |       |       |       |       |       |  1132 ||  1132
Dodge: Dodged            |    53 |   141 |   145 |   300 |   526 |  1094 |   951 |   897 |  1602 ||  5709
Block: Buckler           |       |       |       |       |   316 |   708 |   624 |   569 |   400 ||  2617
       Reflection        |       |       |       |       |    12 |    13 |    31 |    30 |    33 ||   119
       Shield            |       |       |       |       |       |       |       |       |  1580 ||  1580
       Rpst.: Falchion   |    20 |    43 |    33 |       |     5 |    16 |       |       |       ||   117
       Long sword        |       |       |    16 |    12 |       |       |       |       |       ||    28
       Scimitar          |       |       |       |    62 |       |       |       |       |       ||    62
       Double sword      |       |       |       |     7 |   154 |   138 |   167 |   155 |   310 ||   931

Table legend:
 A = Non-vault XP
 B = Vault XP
 C = Vault XP percentage of total XP
 D = Non-vault monster count
 E = Vault monster count
 F = Vault count percentage of total count
                 A         B        C        D         E       F
            +---------+---------+-------+---------+---------+-------
      Total |  995405 |  600067 |  37.6 |    2094 |     862 |  29.2
            +---------+---------+-------+---------+---------+-------
        D:1 |      19 |       0 |   0.0 |      11 |       0 |   0.0
        D:2 |      63 |       0 |   0.0 |      21 |       0 |   0.0
        D:3 |     111 |       0 |   0.0 |      24 |       0 |   0.0
        D:4 |     583 |     518 |  47.0 |      25 |       8 |  24.2
        D:5 |     151 |       0 |   0.0 |       4 |       0 |   0.0
        D:6 |    1078 |    2455 |  69.5 |      30 |       6 |  16.7
        D:7 |    1163 |     310 |  21.0 |      20 |       2 |   9.1
        D:8 |     604 |    1418 |  70.1 |      14 |       8 |  36.4
        D:9 |    2027 |     334 |  14.1 |      37 |       3 |   7.5
       D:10 |    3028 |    2126 |  41.2 |      32 |       6 |  15.8
       D:11 |    2570 |    1164 |  31.2 |      14 |      22 |  61.1
       D:12 |    6648 |    1137 |  14.6 |      36 |       3 |   7.7
       D:13 |    6218 |    8247 |  57.0 |      28 |      25 |  47.2
       D:14 |    9174 |    1720 |  15.8 |      23 |       5 |  17.9
       D:15 |    5691 |    5827 |  50.6 |      15 |       9 |  37.5
     Temple |     110 |       0 |   0.0 |       2 |       0 |   0.0
     Lair:1 |    4301 |     445 |   9.4 |      23 |       5 |  17.9
     Lair:2 |    5372 |    2965 |  35.6 |      22 |       8 |  26.7
     Lair:3 |    8308 |    2740 |  24.8 |      41 |      16 |  28.1
     Lair:4 |    1592 |    4896 |  75.5 |       9 |      12 |  57.1
     Lair:5 |    3444 |    1654 |  32.4 |      13 |       7 |  35.0
     Lair:6 |    2575 |    8606 |  77.0 |      10 |      24 |  70.6
    Swamp:1 |   17311 |    1544 |   8.2 |      43 |       8 |  15.7
    Swamp:2 |    7471 |       0 |   0.0 |      27 |       0 |   0.0
    Swamp:3 |   18264 |       0 |   0.0 |      51 |       0 |   0.0
    Swamp:4 |   10011 |   13140 |  56.8 |      27 |      28 |  50.9
   Spider:1 |    7986 |    4510 |  36.1 |      27 |       3 |  10.0
   Spider:2 |   28986 |   16501 |  36.3 |      74 |      51 |  40.8
   Spider:3 |    4446 |    3926 |  46.9 |      15 |      23 |  60.5
   Spider:4 |    5788 |   38344 |  86.9 |      19 |      69 |  78.4
    Slime:1 |    3172 |       0 |   0.0 |       9 |       0 |   0.0
    Slime:2 |    6101 |       0 |   0.0 |      15 |       0 |   0.0
    Slime:3 |    5925 |       0 |   0.0 |      12 |       0 |   0.0
    Slime:4 |    7847 |       0 |   0.0 |       6 |       0 |   0.0
    Slime:5 |   22561 |   32431 |  59.0 |      37 |      13 |  26.0
      Orc:1 |    4854 |    4278 |  46.8 |      49 |      28 |  36.4
      Orc:2 |    3994 |    9607 |  70.6 |      30 |      65 |  68.4
      Elf:1 |    8484 |    7505 |  46.9 |      13 |      11 |  45.8
      Elf:2 |   13408 |   24467 |  64.6 |      22 |      29 |  56.9
      Elf:3 |   28574 |   30609 |  51.7 |      51 |      24 |  32.0
   Vaults:1 |   13917 |   17821 |  56.2 |      28 |      31 |  52.5
   Vaults:2 |   22504 |    4055 |  15.3 |      43 |       9 |  17.3
   Vaults:3 |   28332 |   31600 |  52.7 |      45 |      35 |  43.8
   Vaults:4 |   52214 |   58616 |  52.9 |      85 |      58 |  40.6
   Vaults:5 |   20814 |   77571 |  78.8 |      37 |      64 |  63.4
   Depths:1 |   42790 |   10042 |  19.0 |      68 |       8 |  10.5
   Depths:2 |   51368 |   18997 |  27.0 |      67 |      15 |  18.3
   Depths:3 |   48498 |   31781 |  39.6 |      58 |      24 |  29.3
   Depths:4 |   38578 |   36409 |  48.6 |      44 |      15 |  25.4
   Depths:5 |   36838 |   18759 |  33.7 |      42 |      14 |  25.0
      Zot:1 |   35836 |   21968 |  38.0 |      23 |       6 |  20.7
      Zot:2 |    7922 |    4512 |  36.3 |       5 |       4 |  44.4
      Zot:3 |   24385 |       0 |   0.0 |      16 |       0 |   0.0
      Zot:4 |   20993 |       0 |   0.0 |      17 |       0 |   0.0
    Abyss:1 |  107523 |    9568 |   8.2 |     163 |       9 |   5.2
    Abyss:2 |   10868 |       0 |   0.0 |      23 |       0 |   0.0
    Abyss:3 |   28307 |   13276 |  31.9 |      73 |      12 |  14.1
    Abyss:4 |   20817 |       0 |   0.0 |      42 |       0 |   0.0
    Abyss:5 |  112888 |    8362 |   6.9 |     234 |      21 |   8.2
   Gauntlet |       0 |    3306 | 100.0 |       0 |      16 | 100.0
            +---------+---------+-------+---------+---------+-------
